 Dungeon Crawl Stone Soup version 0.30.0-15-g856e2d3f33 (webtiles) character file.

Game seed: 16936530046597453810

90 qw the Chopper (level 4, -1/28 HPs)
             Began as a Gargoyle Fighter on May 20, 2023.
             Slain by Natasha (7 damage)
             ... on level 2 of the Dungeon.
             The game lasted 00:00:45 (1401 turns).

qw the Chopper (Gargoyle Fighter)                   Turns: 1401, Time: 00:00:46

Health: -1/28      AC: 10    Str: 22    XL:     4   Next: 56%
Magic:  4/4        EV:  9    Int:  8    God:
Gold:   55         SH:  4    Dex:  9    Spells: 3/3 levels left

rFire   . . .        Y - +0 war axe
rCold   . . .        c - +0 buckler
rNeg    + . .        b - +0 scale mail
rPois   inf          (no helmet)
rElec   +            (no cloak)
rCorr   .            (no gloves)
SInv    .            (no boots)
Will    .....        (no amulet) Stlth
                     (no ring)
HPRegen 0.24/turn    (no ring)
MPRegen 0.09/turn

%: no passive effects
@: slowed, very slow
A: sickness immunity, AC +3, negative energy resistance 1, electricity
resistance, torment resistance 1, petrification resistance
a: no special abilities


You were on level 2 of the Dungeon.
You visited 1 branch of the dungeon, and saw 2 of its levels.

You collected 55 gold pieces.


Innate Abilities, Weirdness & Mutations

You are immune to sickness and miasma.
Your stone body is resilient. (AC +3)
You are immune to poison.
You resist negative energy. (rN+)
You are resistant to electric shocks. (rElec)
You are resistant to unholy torment.
You are immune to petrification.


   Skills:
 - Level 3.2 Fighting
 + Level 4.2 Axes
 - Level 3.2 Armour
 - Level 3.2 Shields


You had 3 spell levels left.
You didn't know any spells.
Your spell library was empty.

Inventory:

Hand Weapons
 e - a +0 club
 Y - a +0 war axe (weapon)
Armour
 a - a +0 chain mail
 b - a +0 scale mail (worn)
 c - a +0 buckler (worn)
Scrolls
 g - a scroll of identify {unknown}
Potions
 d - a potion of might
 f - a potion of flight {unknown}

Dungeon Overview and Level Annotations

Branches:
Dungeon (2/15)

Altars:

Shops:
D:2 !

Annotations:
D:2 Natasha


Message History

Natasha mewls in sadness.
Natasha mumbles some strange words.
The cerulean imp hits you from afar with a +1 spear.
Natasha misses you.
You barely miss Natasha. You miss the cerulean imp.
The cerulean imp hits you but does no damage. x2
Natasha claws you but does no damage.
The cerulean imp hits you but does no damage.
Natasha closely misses you.
The cerulean imp hits you but does no damage.
You hit Natasha.
Natasha is lightly wounded.
You closely miss the cerulean imp.
The cerulean imp hits you but does no damage. x2
Natasha closely misses you.
The cerulean imp hits you from afar with a +1 spear.
You hit Natasha but do no damage.
Natasha is lightly wounded.
You closely miss the cerulean imp. Natasha claws you but does no damage.
The cerulean imp hits you but does no damage.
You block the cerulean imp's attack. Natasha claws you but does no damage.
The cerulean imp hits you but does no damage.
The cerulean imp hits you from afar with a +1 spear.
You barely miss Natasha.
Natasha is lightly wounded.
You hit the cerulean imp but do no damage.
Natasha claws you.
The cerulean imp hits you but does no damage.
The cerulean imp completely misses you. You block Natasha's attack.
The cerulean imp misses you.
The cerulean imp hits you but does no damage.
You slash Natasha!
Natasha is almost dead.
You hit the cerulean imp. Natasha claws you.
The cerulean imp hits you but does no damage. x3
Natasha mewls in sadness.
Natasha claws you!
You die...

#>###.......##.....
#.# #..............
#.# #.......#######
#.# #.......# #.#
######### #.#####
#.#\5( #.#h# #5@.#
#####


You could see Natasha and 2 cerulean imps.

Vanquished Creatures
  Natasha (D:2)
  2 adders (D:2)
  A worm (D:2)
  3 dart slugs
  4 endoplasms
  2 giant cockroaches (D:1)
  2 goblins
  2 hobgoblins
  2 jackals (D:1)
  5 kobolds (D:1)
  3 quokkas
  2 ball pythons (D:1)
  2 bats (D:1)
  2 frilled lizards (D:1)
  6 rats (D:1)
39 creatures vanquished.

Notes
Turn   | Place    | Note
-------+----------+-------------------------------------------
     0 | D:1      | qw the Gargoyle Fighter began the quest for the Orb.
     0 | D:1      | Reached XP level 1. HP: 14/14 MP: 1/1
     0 | D:1      | 0 ||| qw: Version: 0.2-a-97-g499787f
     0 | D:1      | 0 ||| qw: Game counter: 59
     0 | D:1      | 0 ||| qw: Always use a shield: true
     0 | D:1      | 0 ||| qw: God list: Okawaru
     0 | D:1      | 0 ||| qw: Allow faded altars: false
     0 | D:1      | 0 ||| qw: Do Orc after D:15 true
     0 | D:1      | 0 ||| qw: Do second Lair branch before Depths: true
     0 | D:1      | 0 ||| qw: Lair rune preference: random
     0 | D:1      | 0 ||| qw: Plans: Normal, Zot:1-4, God:TSO, Crypt, Tomb,
                  | Pan, Slime:5, Hells, Abyss, Win
     0 | D:1      | 0 ||| PLANNING D:1-11
    72 | D:1      | Reached skill level 2 in Axes
   114 | D:1      | 114 ||| Stepping ~*~*~tactically~*~*~ (stealth).
   124 | D:1      | Reached XP level 2. HP: 19/19 MP: 2/2
   249 | D:1      | 249 ||| Stepping ~*~*~tactically~*~*~ (hiding).
   271 | D:1      | Reached skill level 3 in Axes
   308 | D:1      | Reached XP level 3. HP: 23/23 MP: 3/3
   387 | D:1      | 387 ||| Stepping ~*~*~tactically~*~*~ (hiding).
   389 | D:1      | 389 ||| Stepping ~*~*~tactically~*~*~ (hiding).
   392 | D:1      | 392 ||| Stepping ~*~*~tactically~*~*~ (hiding).
   504 | D:1      | 504 ||| Stepping ~*~*~tactically~*~*~ (stealth).
   510 | D:1      | 510 ||| Stepping ~*~*~tactically~*~*~ (stealth).
   515 | D:1      | 515 ||| Stepping ~*~*~tactically~*~*~ (stealth).
   720 | D:1      | 720 ||| READING 2 scrolls labelled EDABBI XOMUDGH.
   721 | D:1      | 721 ||| DROPPING scroll of immolation.
   780 | D:2      | 780 ||| Stepping ~*~*~tactically~*~*~ (hiding).
   781 | D:2      | 781 ||| Stepping ~*~*~tactically~*~*~ (hiding).
   950 | D:2      | Reached XP level 4. HP: 28/28 MP: 4/4
  1039 | D:2      | Noticed Natasha
  1040 | D:2      | 1040 ||| Stepping ~*~*~tactically~*~*~ (hiding).
  1047 | D:2      | Killed Natasha
  1048 | D:2      | Reached skill level 4 in Axes
  1385 | D:2      | Noticed Natasha
  1386 | D:2      | Found Nitox's Distillery.
  1400 | D:2      | HP: 7/28 [Natasha (2)]
  1401 | D:2      | Slain by Natasha

Levels and vault maps discovered:
D:1:      dpeg_arrival_prison, layout_rooms, serial_bayou_lagoon_b
D:2:      layout_basic, serial_shops, shop, uniq_jessica, uniq_natasha

Skill      XL: |  1  2  3  4 |
---------------+-------------+-----
Axes           | 2 3 4 |  4.2
Fighting       | |  3.2
Armour         | |  3.2
Shields        | |  3.2

Action                     |  1- 3 |  4- 6 || total
---------------------------+-------+-------++-------
  Melee: War axe           |    82 |    27 ||   109
    Use: Scroll            |     1 |       ||     1
 Armour: Scale mail        |    36 |    32 ||    68
  Dodge: Dodged            |    32 |    17 ||    49
  Block: Buckler           |    14 |     5 ||    19

Table legend:
 A = Non-vault XP
 B = Vault XP
 C = Vault XP percentage of total XP
 D = Non-vault monster count
 E = Vault monster count
 F = Vault count percentage of total count
                 A         B        C        D         E       F
            +---------+---------+-------+---------+---------+-------
      Total |      94 |      35 |  27.1 |      38 |       1 |   2.6
            +---------+---------+-------+---------+---------+-------
        D:1 |      51 |       0 |   0.0 |      30 |       0 |   0.0
        D:2 |      43 |      35 |  44.9 |       8 |       1 |  11.1
            +---------+---------+-------+---------+---------+-------
